 Dungeon Crawl Stone Soup version 0.19.1 (webtiles) character file.

3903 ChaseSP the Transmogrifier (level 10, -4/49 HPs)
             Began as a Vine Stalker Transmuter on Nov 25, 2016.
             Was an Initiate of Hepliaklqana.
             Slain by a killer bee (6 damage)
             ... on level 9 of the Dungeon.
             The game lasted 00:20:54 (8234 turns).

ChaseSP the Transmogrifier (VSTm)                   Turns: 8234, Time: 00:20:55

Health: -4/49      AC:  7    Str: 20    XL:     10   Next: 20%
Magic:  0/16       EV: 10    Int: 13    God:    Hepliaklqana [......]
Gold:   356        SH:  0    Dex: 16    Spells: 5 memorised, 1 level left

rFire  x . .     SeeInvis .       - Unarmed
rCold  + + +     Gourm    .     (armour currently unavailable)
rNeg   . . .     Faith    .     (shield currently unavailable)
rPois  +         Spirit   +     (helmet currently unavailable)
rElec  .         Reflect  .     (cloak currently unavailable)
rCorr  .         Harm     +     (gloves currently unavailable)
MR     +....                    (boots currently unavailable)
Stlth  +.........               q - amulet of harm
                                (no ring)
                                B - +5 ring of strength

@: ice-form, very slightly contaminated
A: reduced essence, (fangs 0), (poison resistance), regeneration 1, magic
shield, (antimagic bite), no device heal 3, rot immunity
a: End Transformation, Recall Ancestor, Ancestor Identity, Renounce Religion


You were on level 9 of the Dungeon.
You worshipped Hepliaklqana.
Hepliaklqana was noncommittal.
You were hungry.
You were a creature of crystalline ice.
You visited 2 branches of the dungeon, and saw 10 of its levels.

You collected 356 gold pieces.

Inventory:

Missiles
 a - 127 arrows
Armour
 b - a +0 robe
 h - a +2 ring mail of cold resistance
 t - a +0 helmet
 y - the +0 ring mail of the Garden (melded) {Int+4 Dex+3}
   (You found it on level 4 of the Dungeon)

   It affects your intelligence (+4).
   It affects your dexterity (+3).
 M - a +0 pair of gloves (melded)
 Q - a +2 hat (melded)
 S - a +0 pair of boots
Jewellery
 o - an uncursed amulet of regeneration
 q - an amulet of harm (around neck)
 B - a +5 ring of strength (left front paw)
Wands
 k - a wand of iceblast (8/15)
 A - a wand of enslavement (10/24)
 C - a wand of flame (35/48)
 I - a wand of slowing (30/48)
 L - a wand of confusion (18/48)
 O - a wand of paralysis (19/24)
 U - a wand of iceblast (6/15)
Scrolls
 e - 2 scrolls of remove curse
 f - a scroll of fog
 l - 4 scrolls of magic mapping {unknown}
 p - a scroll of recharging {unknown}
 v - 2 scrolls of teleportation {unknown}
 z - a scroll of immolation {unknown}
 F - a scroll of silence {unknown}
 H - a scroll of random uselessness {unknown}
 J - 2 scrolls of blinking {unknown}
 N - 2 scrolls of enchant weapon {unknown}
 P - 3 scrolls of identify
 T - a scroll of enchant armour {unknown}
 V - a scroll of fear {unknown}
 X - a scroll of vulnerability {unknown}
Potions
 g - a potion of flight {unknown}
 i - 2 potions of mutation {unknown}
 n - a potion of lignification {unknown}
 r - 2 potions of resistance
 s - 8 potions of curing {unknown}
 w - a potion of cure mutation {unknown}
 x - 2 potions of cancellation
 D - a potion of brilliance {unknown}
 E - 2 potions of degeneration {unknown}
 K - a potion of heal wounds {unknown}
 R - a potion of agility
Books
 c - a book of Changes

   Spells                             Type                      Level
   a - Beastly Appendage              Transmutation                1
   b - Sticks to Snakes               Transmutation                2
   c - Spider Form                    Transmutation/Poison         3
   d - Ice Form                       Ice/Transmutation            4
   e - Blade Hands                    Transmutation                5
 u - a book of Minor Magic

   Spells                             Type                      Level
   a - Magic Dart                     Conjuration                  1
   b - Blink                          Translocation                2
   c - Call Imp                       Summoning                    2
   d - Repel Missiles                 Charms/Air                   2
   e - Slow                           Hexes                        2
   f - Conjure Flame                  Conjuration/Fire             3
   g - Mephitic Cloud                 Conjuration/Poison/Air       3
Comestibles
 d - 5 bread rations
 j - 3 fruits
 m - 3 meat rations
 G - 2 beef jerkies


   Skills:
 - Level 1.6 Fighting
 - Level 2.8 Armour
 + Level 2.0 Dodging
 + Level 7.0 Unarmed Combat
 - Level 3.5 Spellcasting
 * Level 10.1 Transmutations
 - Level 5.3 Ice Magic
 - Level 3.0 Poison Magic


You had one spell level left.
You knew the following spells:

 Your Spells              Type           Power        Failure   Level  Hunger
a - Beastly Appendage     Tmut           ####..       1%          1    #......
b - Sticks to Snakes      Tmut           ####....     1%          2    ##.....
c - Spider Form           Tmut/Pois      ###.......   6%          3    ###....
d - Ice Form              Ice/Tmut       ###.....     12%         4    #####..
e - Blade Hands           Tmut           ####......   12%         5    ######.


Dungeon Overview and Level Annotations

Branches:
Dungeon (9/15)             Temple (1/1) D:6
   Lair: D:8-11         Orc: D:9-12

Altars:
Ashenzari
Cheibriados
Dithmenos
Elyvilon
Fedhas
Gozag
Hepliaklqana
Kikubaaqudgha
Makhleb
Nemelex Xobeh
Okawaru
Qazlal
Ru
Sif Muna
Trog
Uskayaw
Vehumet
Xom
Yredelemnul
Zin
The Shining One

Shops:
D:9 %

Annotations:
D:5 thewalrus's ghost, novice NaFE
D:7 exclusion: troll


Innate Abilities, Weirdness & Mutations

((You have razor-sharp teeth.))
Your natural rate of healing is unusually fast.
When hurt, damage is shared between your health and your magic reserves.
((Your bite disrupts and absorbs the magic of your enemies.))
Potions and wands cannot restore your health.
You are immune to rotting.
Your life essence is reduced. (-10% HP)
((Your system is resistant to poisons. (rPois)))


Message History

You hit the hound. You freeze the hound.
You kill the hound!
The killer bee stings you.
You closely miss the killer bee.
The killer bee stings you but does no damage.
The orc wizard gestures wildly while chanting.
The orc wizard flickers and vanishes!
Deactivating autopickup; reactivate with Ctrl-A.
The orc warrior hits you from afar with a glaive!
* * * LOW HITPOINT WARNING * * *
You punch the killer bee! You freeze the killer bee.
The killer bee is almost dead.
The killer bee stings you!
* * * LOW HITPOINT WARNING * * *
The killer bee stings you.
* * * LOW HITPOINT WARNING * * *
You barely miss the killer bee.
The killer bee is almost dead.
The killer bee stings you.
You die...

###.# #.# .
##.#####.# #.
.........## ..
#....(....# .#
########..# .#
# ##...# o#
#.##....#####.#
#........!yY∩#
#.##.....######
. #....!#
#...hy# ##....#
#/.### #y. #..
#..


You could see an orc warrior and a killer bee.

Vanquished Creatures
  Pikel (D:5)
  Psyche (D:8)
  A two-headed ogre (D:8)
  A slime creature (D:9)
  3 ice beasts
  2 sky beasts
  2 orc warriors
  A slave (D:5)
  2 phantoms (D:5)
  3 ogres
  2 centaurs
  Blork the orc (D:5)
  A bullfrog (D:5)
  Dowan (D:6)
  2 scorpions (D:6)
  A water moccasin skeleton (D:4)
  2 killer bees (D:9)
  6 crimson imps
  A centaur zombie (D:6)
  A hound (D:9)
  A jelly (D:7)
  An iguana (D:6)
  An orc priest (D:8)
  2 orc wizards (D:6)
  A centaur skeleton (D:8)
  Natasha (thrice) (D:2)
  3 worker ants
  A hound zombie (D:5)
  2 hound skeletons
  Robin (D:4)
  6 gnolls
  7 adders
  A shadow imp (D:6)
  A white imp (D:6)
  2 oozes
  3 worms (D:2)
  2 adder skeletons (D:5)
  2 dart slugs (D:1)
  3 leopard geckos
  19 orcs
  11 bats
  4 giant cockroaches
  14 goblins
  8 hobgoblins
  25 jackals
  3 quokkas
  A ball python skeleton (D:4)
  7 frilled lizards
  4 kobolds
  5 rats
179 creatures vanquished.

Vanquished Creatures (collateral kills)
  A wyvern (D:8)
  Duvessa (D:6)
  A bullfrog (D:8)
  A scorpion (D:4)
  An orc wizard (D:8)
  2 worker ants (D:8)
  An adder (D:8)
  An ooze (D:4)
  A bat (D:2)
10 creatures vanquished.

Vanquished Creatures (others)
  An ancestor (D:9)
1 creature vanquished.

Grand Total: 190 creatures vanquished

Notes
Turn   | Place    | Note
-------+----------+-------------------------------------------
     0 | D:1      | ChaseSP the Vine Stalker Transmuter began the quest for the Orb.
     0 | D:1      | Reached XP level 1. HP: 9/9 MP: 4/4
   154 | D:1      | Reached XP level 2. HP: 7/14 MP: 6/6
   161 | D:1      | Learned a level 2 spell: Sticks to Snakes
   346 | D:1      | Reached skill level 3 in Transmutations
   648 | D:1      | Reached XP level 3. HP: 15/17 MP: 5/7
   653 | D:1      | Learned a level 3 spell: Spider Form
  1431 | D:2      | Reached skill level 1 in Poison Magic
  1468 | D:2      | Gained mutation: Your natural rate of healing is unusually fast. [Vine Stalker growth]
  1468 | D:2      | Reached XP level 4. HP: 19/21 MP: 3/8
  1477 | D:2      | Reached skill level 4 in Transmutations
  2090 | D:2      | Reached XP level 5. HP: 23/25 MP: 7/9
  2093 | D:2      | Noticed Natasha
  2105 | D:2      | Killed Natasha
  2243 | D:2      | Noticed Natasha
  2255 | D:2      | Killed Natasha
  2385 | D:2      | Noticed Natasha
  2399 | D:2      | Killed Natasha
  2649 | D:2      | Reached skill level 5 in Transmutations
  2943 | D:3      | Reached XP level 6. HP: 29/29 MP: 10/10
  2991 | D:3      | Found a shattered altar of Ashenzari.
  2995 | D:3      | Saw a vision of the Shoals and the Spider Nest.
  2995 | D:3      | Noticed a sea snake
  2995 | D:3      | Noticed a siren
  2995 | D:3      | Noticed a wolf spider
  2995 | D:3      | Noticed a redback
  2995 | D:3      | Noticed a wolf spider
  2996 | D:3      | Noticed a siren
  2996 | D:3      | Noticed a wolf spider
  2996 | D:3      | Noticed a redback
  2997 | D:3      | Noticed a siren
  2997 | D:3      | Noticed a redback
  2998 | D:3      | Noticed a merfolk
  3490 | D:4      | Noticed Robin
  3574 | D:4      | Killed Robin
  3660 | D:4      | Got a faintly humming ring mail
  3671 | D:4      | Identified the +0 ring mail of the Garden {Int+4 Dex+3} (You found it on level 4 of the Dungeon)
  3889 | D:4      | Reached XP level 7. HP: 32/32 MP: 9/11
  3895 | D:4      | Learned a level 4 spell: Ice Form
  4080 | D:5      | Entered Level 5 of the Dungeon
  4168 | D:5      | Reached skill level 6 in Transmutations
  4168 | D:5      | Reached skill level 1 in Ice Magic
  4323 | D:5      | Noticed thewalrus's ghost (novice NaFE)
  4347 | D:6      | Noticed Duvessa
  4348 | D:6      | Noticed Dowan
  4445 | D:5      | Gained mutation: Your system is resistant to poisons. (rPois) [mutagenic meat]
  4873 | D:5      | Noticed Pikel
  4902 | D:5      | Killed Pikel
  4902 | D:5      | Reached skill level 5 in Unarmed Combat
  4902 | D:5      | Reached skill level 7 in Transmutations
  4902 | D:5      | Gained mutation: You have razor-sharp teeth. [Vine Stalker growth]
  4902 | D:5      | Reached XP level 8. HP: 19/37 MP: 4/12
  5075 | D:5      | Noticed Blork the orc
  5090 | D:5      | Killed Blork the orc
  5525 | D:6      | Reached skill level 5 in Ice Magic
  5599 | D:6      | Killed Duvessa
  5599 | D:6      | Reached skill level 8 in Transmutations
  5599 | D:6      | Reached XP level 9. HP: 40/40 MP: 13/13
  5602 | D:6      | Killed Dowan
  5905 | D:6      | Reached skill level 1 in Armour
  6156 | D:6      | Found a staircase to the Ecumenical Temple.
  6167 | Temple   | Entered the Ecumenical Temple
  6982 | D:7      | Found a hazy altar of Hepliaklqana.
  6995 | D:7      | Became a worshipper of Hepliaklqana the Forgotten
  7001 | D:7      | Noticed a troll
  7056 | D:8      | Reached skill level 9 in Transmutations
  7142 | D:8      | Noticed a two-headed ogre
  7162 | D:8      | Killed a two-headed ogre
  7186 | D:8      | Noticed Psyche
  7201 | D:8      | Killed Psyche
  7249 | D:8      | Learned a level 5 spell: Blade Hands
  7345 | D:8      | Reached skill level 1 in Fighting
  7635 | D:8      | Reached XP level 10. HP: 38/40 MP: 16/16
  7932 | D:8      | Found a shattered altar of Ashenzari.
  7932 | D:8      | Found an opulent altar of Gozag.
  7937 | D:8      | Found a faded altar of an unknown god.
  7939 | D:8      | Found a stormy altar of Qazlal.
  7941 | D:8      | Found a glowing silver altar of Zin.
  8204 | D:9      | Found Ostrefuet's Food Shop.
  8220 | D:9      | Reached skill level 10 in Transmutations
  8233 | D:9      | HP: 2/49 [killer bee (1)]
  8234 | D:9      | Slain by a killer bee

Skill      XL: |  1  2  3  4  5  6  7  8  9 10 |
---------------+-------------------------------+-----
Transmutations | 3 4 5 7 8 9 10 | 10.1
Poison Magic   | 1 2 3 |  3.0
Unarmed Combat | 4 5 6 7 |  7.0
Ice Magic      | 3 5 |  5.3
Armour         | 2 |  2.8
Spellcasting   | 3 |  3.5
Fighting       | 1 |  1.6
Dodging        | 2 |  2.0

Action                   |  1- 3 |  4- 6 |  7- 9 | 10-12 || total
-------------------------+-------+-------+-------+-------++-------
Melee: Unarmed           |   127 |   376 |   295 |    39 ||   837
       Bite              |    27 |    98 |    94 |     4 ||   223
       Headbutt          |     7 |     8 |     4 |       ||    19
       Kick              |     4 |    19 |    24 |       ||    47
       Punch             |     1 |     3 |    11 |       ||    15
 Cast: Beastly Appendage |     6 |     8 |    10 |       ||    24
       Sticks to Snakes  |     2 |     2 |    13 |       ||    17
       Spider Form       |       |     2 |     8 |     1 ||    11
       Ice Form          |       |       |     1 |     1 ||     2
  Use: Scroll            |       |     2 |     2 |       ||     4
       Potion            |       |       |     1 |       ||     1
 Stab: Distracted        |       |     1 |     2 |       ||     3
  Eat: Chunk             |     2 |     9 |    16 |     2 ||    29
Armor: Ring mail         |    70 |   150 |    69 |     3 ||   292
       Robe              |     2 |       |       |       ||     2
       Skin              |       |       |     4 |     7 ||    11
Dodge: Dodged            |    88 |   243 |   142 |    24 ||   497
